 Dungeon Crawl Stone Soup version 0.29.1-2-gbd0b4ee654 (webtiles) character file.

Game seed: 7287832950656899739

44 TheDoctor the Slasher (level 3, -1/29 HPs)
             Began as a Demonspawn Gladiator on Nov 5, 2022.
             Slain by an adder (3 damage)
             ... on level 2 of the Dungeon.
             The game lasted 00:02:53 (1469 turns).

TheDoctor the Slasher (Demonspawn Gladiator)        Turns: 1469, Time: 00:02:53

Health: -1/29      AC:  4    Str: 14    XL:     3   Next: 39%
Magic:  3/3        EV: 12    Int: 11    God:
Gold:   22         SH:  0    Dex: 14    Spells: 2/2 levels left

rFire   . . .      SeeInvis .   a - +0 long sword
rCold   . . .      Faith    .   (no shield)
rNeg    . . .      Spirit   .   b - +0 leather armour
rPois   .          Reflect  .   c - +0 helmet
rElec   .          Harm     .   (no cloak)
rCorr   .          Rampage  .   (no gloves)
Will    .....                   (no boots)
Stlth   +.........              (no amulet)
HPRegen 0.09/turn               (no ring)
MPRegen 0.08/turn               (no ring)

@: slowed, very slow
A: demonic magic 1
a: no special abilities


You were on level 2 of the Dungeon.
You visited 1 branch of the dungeon, and saw 2 of its levels.

You collected 22 gold pieces.

Inventory:

Hand Weapons
 a - a +0 long sword (weapon)
Missiles
 d - 2 throwing nets
 e - a javelin
 j - 2 boomerangs (quivered)
Armour
 b - a +0 leather armour (worn)
 c - a +0 helmet (worn)
Scrolls
 i - a scroll of blinking
Potions
 g - a potion of magic


   Skills:
 + Level 3.0 Fighting
 + Level 3.4 Long Blades
 - Level 1.7 Throwing
 - Level 2.6 Dodging


You had 2 spell levels left.
You didn't know any spells.
Your spell library was empty.

Dungeon Overview and Level Annotations

Branches:
Dungeon (2/15)

Altars:

Annotations:
D:2 Natasha


Innate Abilities, Weirdness & Mutations

Spells you cast may paralyse adjacent enemies.


Message History

Natasha shimmers violently.
Natasha claws you!
* * * LOW HITPOINT WARNING * * *
The adder misses you. The adder attacks as you move away!
The adder barely misses you.
The crimson imp summons a swarm of flies.
The crimson imp blinks!
The adder barely misses you.
You barely miss the adder.
The adder is heavily wounded.
The adder barely misses you.
The crimson imp hits you but does no damage.
The adder closely misses you.
Natasha mumbles some strange words.
You closely miss the adder.
The adder is heavily wounded.
The adder completely misses you.
The crimson imp hits you but does no damage.
The adder barely misses you.
The crimson imp hits you but does no damage.
The adder barely misses you.
Unknown command.
It was a potion of magic.
Magic courses through your body. The crimson imp hits you.
* * * LOW HITPOINT WARNING * * *
The adder barely misses you.
The shadow imp picks up a beetle and eats it.
The crimson imp barely misses you. The adder barely misses you.
As you read the scroll labelled IPNIMO BUKKACK, it crumbles to dust.
The creatures around you are filled with an inner flame!
It was a scroll of immolation.
The adder closely misses you. The crimson imp hits you.
* * * LOW HITPOINT WARNING * * *
Natasha growls.
The adder closely misses you.
As you read the scroll labelled NOETSOUHUN, it crumbles to dust.
It is a scroll of identify.
i - a scroll of blinking The crimson imp hits you but does no damage.
The adder bites you.
You die...

# ### #. ..# ...### #.#
#.....##.# ..####......5.#
#.
###............S.#+#####...
...........##..#@..........
..............h5...........
...........###.#....######
..w....... #....#.....# ###
# ......... ###........#
..#.# .........
######...####.#.# .........
#.......... .########
#[.#<..#.#### .#########
#............


You could see Natasha, a crimson imp (summoned, inner flame), an adder (inner
flame) and a shadow imp (summoned, inner flame).

Vanquished Creatures
  A worm (D:2)
  2 dart slugs (D:1)
  4 ball pythons (D:1)
  3 bats (D:1)
  3 endoplasms (D:1)
  4 goblins
  2 hobgoblins (D:1)
  4 jackals (D:1)
  2 kobolds
  4 quokkas
  A frilled lizard (D:1)
  2 rats (D:1)
32 creatures vanquished.

Notes
Turn   | Place    | Note
-------+----------+-------------------------------------------
     0 | D:1      | TheDoctor the Demonspawn Gladiator began the quest for the
                  | Orb.
     0 | D:1      | Reached XP level 1. HP: 16/16 MP: 1/1
    69 | D:1      | Gained mutation: Spells you cast may paralyse adjacent
                  | enemies. [demonic ancestry]
    69 | D:1      | Reached XP level 2. HP: 21/23 MP: 2/2
   183 | D:1      | Found a faded altar of an unknown god.
   884 | D:1      | Reached XP level 3. HP: 25/28 MP: 3/3
  1458 | D:2      | Noticed Natasha
  1469 | D:2      | Slain by an adder

Illustrated notes

Levels and vault maps discovered:
D:1:      psy_arrival_statuary, layout_loops_ring,
          hellmonk_ecumenical_altar_crossroads
D:2:      minmay_chambers_of_twos, layout_basic, uniq_crazy_yiuf_cottage,
          uniq_natasha

Skill      XL: |  1  2  3 |
---------------+----------+-----
Long Blades    | 3 |  3.4
Fighting       | 3 |  3.0
Throwing       | |  1.7
Dodging        | |  2.6

Action                   || total
-------------------------++-------
Melee: Long sword        ||   105
       Punch             ||     1
Throw: Throwing net      ||     1
       Boomerang         ||     7
  Use: Scroll            ||     2
       Potion            ||     1
 Stab: Sleeping          ||     2
Armor: Leather armour    ||    33
Dodge: Dodged            ||   102
